 Dungeon Crawl Stone Soup version bcrawl-1.34.4 (webtiles) character file.

Game seed: 9171172067921918992

227507 KristoblXynda the Slasher (level 7, -1/44 HPs)
             Began as a Skeleton Gladiator on Oct 31, 2021.
             Slain by an orc warrior
             ... wielding a +0 halberd
              (6 damage)
             ... on level 4 of the Dungeon.
             The game lasted 00:05:23 (4183 turns).

KristoblXynda the Slasher (Skeleton Gladiator)      Turns: 4183, Time: 00:05:23

Health: -1/44      AC:  7    Str: 19 (20) XL:     7   Next: 72%
Magic:  0/7        EV: 13    Int:  9      God:
Gold:   286        SH:  1    Dex:  9 (10) Spells: 6/6 levels left

rFire    . . .     SeeInvis .   a - +0 long sword
rCold    + . .     Gourm    .   (no shield)
rNeg     + + +     Faith    .   g - +0 ring mail
rPois    ∞         Spirit   +   c - +0 helmet
rElec    .         Reflect  .   (no cloak)
rCorr    .         Harm     .   (no gloves)
MR       +....                  (no boots)
Stlth    +.........             (no amulet)
HPRegen  0.14/turn              (no ring)
MPRegen  0.10/turn              (no ring)

@: no status effects
A: no food or potions, cold resistance 1, deterioration 1, negative energy
resistance 3, powered by death 1, torment resistance, unbreathing, magic shield,
sturdy frame 1, spell healing
a: no special abilities


You were on level 4 of the Dungeon.
You were not hungry.

You visited 2 branches of the dungeon, and saw 5 of its levels.

You collected 286 gold pieces.

Inventory:

Hand Weapons
 a - a +0 long sword (weapon)
Armour
 c - a +0 helmet (worn)
 g - a +0 ring mail (worn)
 m - a +0 pair of boots
Scrolls
 b - a scroll of immolation
 e - a scroll of magic mapping
 f - a scroll of enchant armour
 h - 3 scrolls of amnesia
 i - a scroll of identify
 j - 2 scrolls of teleportation
 k - a scroll of remove curse {unknown}
 l - a scroll of blinking {unknown}


   Skills:
 + Level 4.6 Fighting
 + Level 6.5 Long Blades
 - Level 2.0 Throwing
 + Level 4.8 Armour
 + Level 5.4 Dodging


You had 6 spell levels left.
You didn't know any spells.
Your spell library was empty.

Dungeon Overview and Level Annotations

Branches:
Dungeon (4/12)             Temple (1/1) D:4

Altars:
Dithmenos
Elyvilon
Fedhas
Kikubaaqudgha
Lugonu
Makhleb
Nemelex Xobeh
Qazlal
Ru
Uskayaw
Vehumet
Wu Jian
Xom
Yredelemnul
The Shining One

Annotations:
D:3 2 transporters, exe1's ghost, weakling FoAc


Innate Abilities, Weirdness & Mutations

You do not eat or drink.
You are immune to poison.
Your flesh is cold resistant. (rC+)
Your body sometimes deteriorates upon taking damage.
You are immune to negative energy. (rN+++)
You regenerate a little health from kills.
You are immune to unholy pain and torment.
You can survive without breathing.
When hurt, damage is shared between your health and your magic reserves.
Your movements are slightly less encumbered by armour. (ER -2)
Casting spells heals you.


Message History

The orc warrior is severely wounded.
The orc warrior hits you with a +0 halberd!
* * * LOW HITPOINT WARNING * * *
You barely miss the orc warrior.
The orc warrior is severely wounded.
The orc warrior hits you with a +0 halberd.
* * * LOW HITPOINT WARNING * * *
You hit the orc warrior but do no damage.
The orc warrior is severely wounded.
You hit the orc warrior but do no damage.
The orc warrior is severely wounded.
The orc warrior hits you with a +0 halberd.
* * * LOW HITPOINT WARNING * * *
You closely miss the orc warrior.
The orc warrior is severely wounded.
The orc warrior barely misses you.
You hit the orc warrior but do no damage.
The orc warrior is severely wounded.
The orc warrior hits you with a +0 halberd!
You die...

####.##..#.....#......#
#.##..#.##.##......#
#.##.##.##.##......#
#.##....##...[.....#
###.#####...##.......#
#.......+...##.....###
####'#.#####...##.....# #
#!.....o...#..........###
#.......@..#..##.......##
#......##.<#.......###.##
###'#...#..###....)##....
###.#.<.#....#.....###.##
#...#...#.##.#.....# #..
#.###..<#.# .#.....# ####
#.....#)#.. #######
###...#.### #.#.#.#


You could see an orc warrior.

Vanquished Creatures
  Edmund (D:4)
  An ice beast (D:4)
  An ogre (D:2)
  An orc priest (D:3)
  A howler monkey (D:4)
  2 crimson imps (D:4)
  A hound (D:4)
  2 bullfrog skeletons (D:4)
  An orc wizard (D:4)
  2 worker ants (D:4)
  3 adders
  An adder skeleton (D:4)
  4 worms
  A dart slug (D:1)
  2 leopard geckos
  6 orcs
  6 bats
  3 giant cockroaches
  4 goblins
  7 hobgoblins
  7 jackals
  10 kobolds
  6 quokkas
  3 ball pythons
  4 frilled lizards
  A jackal skeleton (D:4)
  A quokka skeleton (D:4)
  9 rats
91 creatures vanquished.

Vanquished Creatures (others)
  Eustachio (D:4)
  5 plants (D:3)
6 creatures vanquished.

Grand Total: 97 creatures vanquished

Notes
Turn   | Place    | Note
-------+----------+-------------------------------------------
     0 | D:1      | KristoblXynda the Skeleton Gladiator began the quest for
                  | the Orb.
     0 | D:1      | Reached XP level 1. HP: 14/14 MP: 1/1
   192 | D:1      | Reached XP level 2. HP: 19/19 MP: 2/2
   269 | D:1      | Reached skill level 1 in Armour
   382 | D:1      | Reached skill level 4 in Long Blades
   739 | D:1      | Reached XP level 3. HP: 23/23 MP: 3/3
   866 | D:2      | Noticed an ogre
   878 | D:2      | Killed an ogre
   879 | D:2      | Reached XP level 4. HP: 13/28 MP: 2/4
  1444 | D:2      | Reached XP level 5. HP: 19/32 MP: 2/5
  1580 | D:2      | Found a blossoming altar of Fedhas.
  1583 | D:2      | Found an ancient bone altar of Kikubaaqudgha.
  1788 | D:3      | Identified the +10 halberd "Jirurchui" {vamp, MR+ Dex+4
                  | SInv}
  1846 | D:3      | Found a transporter.
  1931 | D:3      | Found a burning altar of Makhleb.
  2007 | D:3      | Reached skill level 5 in Long Blades
  2153 | D:3      | Found a white marble altar of Elyvilon.
  2232 | D:3      | Found a transporter.
  2250 | D:3      | Noticed exe1's ghost (weakling FoAc)
  2352 | D:3      | Found a sacrificial altar of Ru.
  2634 | D:4      | Noticed Edmund
  2832 | D:4      | Killed Edmund
  2833 | D:4      | Gained mutation: You regenerate a little health from kills.
                  | [Skeleton growth]
  2833 | D:4      | Reached XP level 6. HP: 7/37 MP: 1/6
  3249 | D:4      | Reached XP level 7. HP: 34/43 MP: 5/7
  3348 | D:4      | Found a staircase to the Ecumenical Temple.
  3372 | D:4      | Reached skill level 6 in Long Blades
  3380 | Temple   | Entered the Ecumenical Temple
  3473 | D:4      | Found a shimmering altar of Xom.
  3480 | D:4      | Reached skill level 5 in Dodging
  3583 | D:4      | Noticed Eustachio
  3629 | D:4      | HP: 2/44 [Eustachio/+4 falchion of holy wrath (4)]
  3810 | D:4      | Killed Eustachio
  3957 | D:4      | HP: 1/44 [orc warrior/+0 halberd (4)]
  4183 | D:4      | Slain by an orc warrior

Skill      XL: |  1  2  3  4  5  6  7 |
---------------+----------------------+-----
Throwing       | 2 |  2.0
Armour         | 1 2 3 4 |  4.8
Long Blades    | 4 5 6 |  6.5
Dodging        | 4 5 |  5.4
Fighting       | 4 |  4.6

Action                   |  1- 3 |  4- 6 |  7- 9 || total
-------------------------+-------+-------+-------++-------
Melee: Long sword        |    84 |   215 |   135 ||   434
Throw: Throwing net      |     1 |     1 |     1 ||     3
  Use: Scroll            |       |     3 |     3 ||     6
 Stab: Held in net/web   |     1 |     2 |       ||     3
Armor: Leather armour    |    15 |     1 |       ||    16
       Ring mail         |       |    82 |    84 ||   166
Dodge: Dodged            |    51 |   201 |   160 ||   412
Block: Other             |     3 |     3 |     3 ||     9
